 Dungeon Crawl Stone Soup version 0.30-a0-808-g6e0788376e (webtiles) character file.

Game seed: 18167278978536995036

29 cforsyth the Sneak (level 3, -2/22 HPs)
             Began as a Kobold Brigand on Feb 26, 2023.
             Succumbed to Terence's poison
             ... on level 2 of the Dungeon.
             The game lasted 00:01:22 (981 turns).

cforsyth the Sneak (Kobold Brigand)                  Turns: 981, Time: 00:01:23

Health: -2/22      AC:  3    Str:  6 (8)  XL:     3   Next: 32%
Magic:  3/3        EV: 15    Int: 10 (12) God:
Gold:   94         SH:  0    Dex: 17 (18) Spells: 2/2 levels left

rFire   . . .      SeeInvis .    a - +2 dagger
rCold   . . .      Faith    .    (no shield)
rNeg    . . .      Spirit   .    b - +0 robe
rPois   .          Reflect  .    (no helmet)
rElec   .          Harm     .    c - +0 cloak
rCorr   .          Rampage  .    (no gloves)
Will    .....                    (no boots)
Stlth   +++                      (no amulet)
HPRegen 0.23/turn                (no ring)
MPRegen 0.08/turn                (no ring)

@: lethally poisoned (-2 -> -19), silenced, flying
A: small, no large weapons, nightstalker 3
a: no special abilities


You were on level 2 of the Dungeon.
You visited 1 branch of the dungeon, and saw 2 of its levels.

You collected 94 gold pieces.

Inventory:

Hand Weapons
 a - a +2 dagger (weapon)
Missiles
 d - 9 poisoned darts (quivered)
 e - 3 curare-tipped darts
Armour
 b - a +0 robe (worn)
 c - a +0 cloak (worn)
Jewellery
 l - a ring of positive energy
Scrolls
 f - a scroll of summoning {unknown}
 g - a scroll of teleportation {unknown}
 k - a scroll of magic mapping {unknown}
 n - a scroll of fear {unknown}
Potions
 m - a potion of flight


   Skills:
 + Level 2.7 Fighting
 + Level 3.2 Short Blades
 - Level 2.1 Throwing
 + Level 2.1 Dodging
 + Level 5.7 Stealth


You had 2 spell levels left.
You didn't know any spells.
Your spell library contained the following spells:

 Spells                   Type           Power      Damage    Failure   Level
 Scorch                   Fire           0%         2d5       50%         2
 Flame Wave               Conj/Fire      0%         2d4       98%         4
 Summon Cactus Giant      Summ           0%         N/A       100%        6


Dungeon Overview and Level Annotations

Branches:
Dungeon (2/15)

Altars:

Shops:
D:2 =

Annotations:
D:2 Terence


Innate Abilities, Weirdness & Mutations

You are small and have problems with some larger weapons.
You are completely attuned to the shadows.


Message History

Terence hits you with a +1 hand axe of venom!
You are too injured to fight recklessly!
You are too injured to fight recklessly!
You are too injured to fight recklessly!
You are too injured to fight recklessly!
You are too injured to fight recklessly!
You are too injured to fight recklessly!
You are too injured to fight recklessly!
You are too injured to fight recklessly!
You hit Terence.
Terence is lightly wounded.
Terence closely misses you.
You hit Terence.
Terence is lightly wounded.
Terence hits you with a +1 hand axe of venom.
You are poisoned.
It was a potion of flight.
You feel very buoyant.
You fly up into the air.
* * * LOW HITPOINT WARNING * * *
You feel sick. Terence completely misses you.
It was a potion of degeneration.
There was something very wrong with that liquid.
You feel weakened.
You feel dopey.
You feel clumsy.
You feel sick.
Terence hits you with a +1 hand axe of venom.
* * * LOW HITPOINT WARNING * * *
You are more poisoned.
It was a potion of curing.
You feel better. Terence barely misses you.
As you read the scroll labelled CYILOTZ KOZE, it crumbles to dust.
A profound silence engulfs you.
It was a scroll of silence.
Terence hits you with a +1 hand axe of venom.
* * * LOW HITPOINT WARNING * * *
You are lethally poisoned!
Unknown command.
Terence attacks as you move away!
Terence hits you with a +1 hand axe of venom.
* * * LOW HITPOINT WARNING * * *
You are more poisoned.
You die...

#. ##.. ##...# ###
#.@.# ..#####
######...## ......# #
......@.....
.####.###.# ##....†.##
...##..<..####.##...#
...∩.........[.#....#
#...................#
...########...........
....### #.#.#..####.
#.#...# #.#...## #>#
#.# #.##..###


You could see Terence.

Vanquished Creatures
  3 ball pythons (D:1)
  5 bats
  5 endoplasms
  A giant cockroach (D:1)
  2 goblins (D:1)
  3 jackals (D:2)
  3 kobolds
  3 rats
25 creatures vanquished.

Vanquished Creatures (others)
  A fungus (D:2)
1 creature vanquished.

Grand Total: 26 creatures vanquished

Notes
Turn   | Place    | Note
-------+----------+-------------------------------------------
     0 | D:1      | cforsyth the Kobold Brigand began the quest for the Orb.
     0 | D:1      | Reached XP level 1. HP: 12/12 MP: 1/1
   236 | D:1      | Reached XP level 2. HP: 8/18 MP: 2/2
   651 | D:2      | Found Udympass's Jewellery Shop.
   708 | D:2      | Reached XP level 3. HP: 16/22 MP: 3/3
   780 | D:2      | Noticed Terence
   978 | D:2      | HP: 1/22 [Terence/+1 hand axe of venom (4)]
   981 | D:2      | Succumbed to Terence's poison

Illustrated notes

Levels and vault maps discovered:
D:1:      enne_arrival_octagon_isle, layout_basic, chequers_garden
D:2:      layout_rooms, serial_shops, shop, shapermc_ecumenical_altar_acropolis,
          uniq_terence

Skill      XL: |  1  2  3 |
---------------+----------+-----
Short Blades   | 3 |  3.2
Dodging        | 2 |  2.1
Fighting       | |  2.7
Throwing       | |  2.1
Stealth        | |  5.7

Action                     || total
---------------------------++-------
  Melee: Dagger            ||    69
    Use: Potion            ||     3
         Scroll            ||     1
   Stab: Sleeping          ||    10
 Armour: Robe              ||    23
  Dodge: Dodged            ||    82

Table legend: (Time is in decaauts)
 A = Elapsed time spent in this place.
 B = Non-inter-level travel time spent in this place.
 C = Inter-level travel time spent in this place.
 D = Time resting spent in this place.
 E = Time spent auto-exploring this place.
 F = Levels seen in this place.
 G = Mean time per level.
                   A        B        C        D        E       F      G
               +--------+--------+--------+--------+--------+-----+--------+
         Total |    970 |    961 |      9 |      0 |    794 |   2 |  485.0 |
       Dungeon |    970 |    961 |      9 |      0 |    794 |   2 |  485.0 |
               +--------+--------+--------+--------+--------+-----+--------+

Top non-repeatable levels by time:
     D:1: 647 daAuts
     D:2: 322 daAuts
